AoeStats
← k1ng

Arabia

510408512Analyzed
1v1 RM · 19h ago on Sep 30, 2026· 47m 29s· 2 players
Game mode
Random Map
Map size
Tiny (2 player)
Population
200
Speed
Normal
Resources
Standard
Victory
Conquest
Starting age
Dark Age
Ending age
Imperial Age
RankedLock teamsTeams togetherTeam positionsShared explorationLock speedFull tech treeHidden civsTurbo modeCheats
Victory
Defeat
🇦🇷 Ethiopians · Argentina
1199
+16
🇦🇷 Koreans · Argentina
1205
-16
White Mamba
7:33 Loom
9:44 Feudal Age
10:41 Double-Bit Axe
13:48 Fletching
14:56 Padded Archer Armor
22:14 Castle Age
21:08 Scale Barding Armor
21:35 Forging
22:32 Crossbowman
23:50 Chain Barding Armor
30:56 Bodkin Arrow
33:30 Husbandry
39:01 Wheelbarrow
40:17 Thumb Ring
41:41 Ballistics
47:50 Hand Cart
k1ng
6:38 Loom
9:07 Feudal Age
11:20 Double-Bit Axe
16:53 Fletching
24:32 Castle Age
23:03 Horse Collar
24:42 Elite Skirmisher
26:27 Forging
31:15 Bow Saw
31:53 Scale Barding Armor
32:11 Gold Mining
36:01 Heavy Plow
42:19 Imperial Age
43:19 Imperial Age
Connection lost

Rejoining the realm…

Still unreachable

The connection could not be restored.

Session expired

The server has moved on; the page needs a fresh start.